 Dungeon Crawl Stone Soup version 0.21-a0-442-g848f44b (webtiles) character file.

162 Inectha the Conjurer (level 5, -7/28 HPs)
             Began as a Deep Elf Conjurer on Nov 16, 2017.
             Mangled by a worm (10 damage)
             ... on level 3 of the Dungeon.
             The game lasted 00:26:53 (2580 turns).

Inectha the Conjurer (Deep Elf Conjurer)            Turns: 2580, Time: 00:26:54

Health: -7/28      AC:  2    Str:  5    XL:     5   Next: 19%
Magic:  9/14       EV: 14    Int: 21    God:
Gold:   51         SH:  0    Dex: 15    Spells: 3/13 levels left

rFire    . . .     SeeInvis .   (no weapon)
rCold    . . .     Gourm    .   (no shield)
rNeg     . . .     Faith    .   a - +0 robe
rPois    .         Spirit   .   (no helmet)
rElec    .         Reflect  .   (no cloak)
rCorr    .         Harm     .   (no gloves)
MR       .....                  (no boots)
Stlth    ++........             (no amulet)
HPRegen  0.09/turn              (no ring)
MPRegen  0.14/turn              (no ring)

@: no status effects
A: no striking features
a: no special abilities


You were on level 3 of the Dungeon.
You were not hungry.

You visited 1 branch of the dungeon, and saw 3 of its levels.

You collected 51 gold pieces.

Inventory:

Armour
 a - a +0 robe (worn)
Scrolls
 e - 2 scrolls of remove curse
 g - 2 scrolls of amnesia
 i - a scroll of recharging {unknown}
 k - a scroll of immolation {unknown}
Potions
 f - 5 potions of curing
 h - a potion of agility
Books
 b - a book of Conjurations

   Spells                             Type                      Level
   a - Magic Dart                     Conjuration                  1
   b - Searing Ray                    Conjuration                  2
   c - Dazzling Spray                 Conjuration/Hexes            3
   d - Fulminant Prism                Conjuration/Hexes            4
   e - Force Lance                    Conjuration/Translocation    4
   f - Iskenderun's Mystic Blast      Conjuration                  4
Comestibles
 c - a bread ration


   Skills:
 + Level 3.4 Dodging
 + Level 3.6 Stealth
 * Level 4.9 Spellcasting
 * Level 5.4 Conjurations


You had 3 spell levels left.
You knew the following spells:

 Your Spells              Type           Power        Failure   Level  Hunger
a - Magic Dart            Conj           ####         1%          1    None
b - Searing Ray           Conj           ####..       1%          2    None
c - Dazzling Spray        Conj/Hex       ###...       11%         3    ##.....
d - Fulminant Prism       Conj/Hex       ###.......   34%         4    ####...


Dungeon Overview and Level Annotations

Branches:
Dungeon (3/15)

Altars:


Message History

The orc hits you.
* * * LOW HITPOINT WARNING * * *
The bat hits you but does no damage.
Your fulminant prism crackles loudly.
The bat closely misses you. The orc hits you.
* * * LOW HITPOINT WARNING * * *
The worm misses you. The orc barely misses you.
Your fulminant prism explodes!
The blast of energy engulfs the orc.
You kill the orc!
The blast of energy engulfs the bat.
You kill the bat!
The blast of energy engulfs the orc priest.
You kill the orc priest!
You have reached level 5!
You hear a shout! x4
There is a stone staircase leading up, spattered with blood here.
The orc barely misses you. The leopard gecko closely misses you.
The worm bites you!
You die...

####+## *,* *, #.....# *,* **+
#.....# *,***,,
#.....#######**,,**,,
#............,,*,**,,
###............,,*,***,
**********#..............,,*,*,,,
,,,,,,,,,,+....l..(......,,*,*,,,
.##########....)@o.....%.,,*,,,,,
.........##....†.w.......,,**,,,,
..........#...)......?..g,,*,,,,,
.....o...........########***,*,,,
..o.................,* *,*,,,
#............%...###,* *,*,,,
..........#......# *,* *,**,,
..........#......#**+*** *,**,,
.......(..###......,,,,* *,*,,,


You could see a worm, an orc and a leopard gecko.

Vanquished Creatures
  An orc priest (D:3)
  Natasha (D:3)
  2 adders (D:2)
  3 worms
  A dart slug (D:1)
  4 orcs (D:3)
  3 ball pythons
  2 giant cockroaches
  5 goblins
  7 hobgoblins
  2 jackals (D:2)
  A quokka (D:2)
  11 bats
  7 frilled lizards
  13 kobolds
  11 rats
74 creatures vanquished.

Vanquished Creatures (others)
  A fulminant prism (D:3)
1 creature vanquished.

Grand Total: 75 creatures vanquished

Notes
Turn   | Place    | Note
-------+----------+-------------------------------------------
     0 | D:1      | Inectha the Deep Elf Conjurer began the quest for the Orb.
     0 | D:1      | Reached XP level 1. HP: 10/10 MP: 6/6
   243 | D:1      | Reached XP level 2. HP: 15/15 MP: 1/8
   915 | D:1      | Learned a level 2 spell: Searing Ray
   960 | D:2      | Reached XP level 3. HP: 19/19 MP: 1/10
   965 | D:2      | Learned a level 3 spell: Dazzling Spray
  1708 | D:2      | Reached skill level 5 in Conjurations
  1811 | D:2      | Reached XP level 4. HP: 19/24 MP: 8/12
  2103 | D:2      | Learned a level 4 spell: Fulminant Prism
  2249 | D:3      | Noticed Natasha
  2255 | D:3      | Killed Natasha
  2579 | D:3      | Reached XP level 5. HP: 3/28 MP: 9/14
  2580 | D:3      | Mangled by a worm

Vault maps used:
D:1:      minmay_arrival_four_loops, serial_bayou_lagoon_a
D:2:      hangedman_abyss_or_decor_lesser_grid
D:3:      first_bread, nicolae_ru_the_path_less_chosen, uniq_natasha

Skill      XL: |  1  2  3 |
---------------+----------+-----
Stealth        | 3 |  3.6
Dodging        | 3 |  3.4
Spellcasting   | 4 |  4.9
Conjurations   | 5 |  5.4

Action                   |  1- 3 |  4- 6 || total
-------------------------+-------+-------++-------
 Cast: Magic Dart        |    91 |    46 ||   137
       Dazzling Spray    |     3 |       ||     3
       Searing Ray       |     2 |       ||     2
       Fulminant Prism   |       |     1 ||     1
  Use: Scroll            |     4 |     4 ||     8
  Eat: Bread ration      |     1 |     1 ||     2
Armor: Robe              |     1 |     9 ||    10
Dodge: Dodged            |    12 |    31 ||    43

Table legend:
 A = Spawn XP
 B = Non-spawn XP
 C = Spawn XP percentage of total XP
 D = Spawn monster count
 E = Non-spawn monster count
 F = Spawn count percentage of total count
 G = Total turns spent on level
                    A         B        C        D         E        F      G
               +---------+---------+-------+---------+---------+-------+---------
         Total |       0 |     232 |   0.0 |       0 |      74 |   0.0 |  2580
               +---------+---------+-------+---------+---------+-------+---------
           D:1 |       0 |      35 |   0.0 |       0 |      21 |   0.0 |   931
           D:2 |       0 |      87 |   0.0 |       0 |      36 |   0.0 |  1376
           D:3 |       0 |     110 |   0.0 |       0 |      17 |   0.0 |   273
               +---------+---------+-------+---------+---------+-------+---------
